 Dungeon Crawl Stone Soup version 0.26-a0-660-gc07710193c (webtiles) character file.

Game seed: 2020045647978144481

9 tom967 the Conjurer (level 1, -1/14 HPs)
             Began as a Demigod Conjurer on Oct 8, 2020.
             Slain by a kobold
             ... wielding a +0 short sword
              (4 damage)
             ... on level 1 of the Dungeon.
             The game lasted 00:03:58 (624 turns).

tom967 the Conjurer (Demigod Conjurer)               Turns: 624, Time: 00:03:59

Health: -1/14      AC:  2    Str: 10    XL:     1   Next: 86%
Magic:  1/5        EV: 12    Int: 22    God:
Gold:   24         SH:  0    Dex: 14    Spells: 3/4 levels left

rFire    . . .     SeeInvis .   (no weapon)
rCold    . . .     Faith    .   (no shield)
rNeg     . . .     Spirit   .   b - +0 robe
rPois    .         Reflect  .   (no helmet)
rElec    .         Harm     .   (no cloak)
rCorr    .         Rampage  .   (no gloves)
MR       .....                  (no boots)
Stlth    ++........             (no amulet)
HPRegen  0.04/turn              (no ring)
MPRegen  0.09/turn              (no ring)

@: brilliant
A: high mp 1
a: no special abilities


You were on level 1 of the Dungeon.
You visited 1 branch of the dungeon, and saw 1 of its levels.

You collected 24 gold pieces.

Inventory:

Missiles
 c - 29 bolts
 f - 13 poisoned darts (quivered)
Armour
 a - a +0 robe
 b - a +0 robe (worn)
Scrolls
 d - a scroll of remove curse {unknown}
 e - 2 scrolls of identify {unknown}
 i - a scroll of teleportation {unknown}
Potions
 h - a potion of degeneration {unknown}


   Skills:
 - Level 1.7 Dodging
 - Level 1.7 Stealth
 * Level 2.0 Spellcasting
 * Level 3.9 Conjurations


You had 3 spell levels left.
You knew the following spells:

 Your Spells              Type           Power        Failure   Level
a - Magic Dart            Conj           ####         2%          1

Your spell library contained the following spells:

 Spells                   Type           Power        Failure   Level
 Searing Ray              Conj           ####..       4%          2
 Dazzling Flash           Conj/Hex       ###...       19%         3
 Fulminant Prism          Conj/Hex       ###.......   52%         4
 Iskenderun's Mystic Bla  Conj/Tloc      ###.....     52%         4


Dungeon Overview and Level Annotations

Branches:
Dungeon (1/15)


Innate Abilities, Weirdness & Mutations

You have an increased reservoir of magic. (+10% MP)


Message History

The jackal bites you.
You closely miss the jackal.
The jackal is heavily wounded.
The jackal bites you. The jackal closely misses you.
The kobold barely misses you.
You closely miss the jackal.
The jackal is heavily wounded.
The jackal closely misses you. The kobold hits you with a +0 whip.
You hit the jackal but do no damage.
The jackal is heavily wounded.
The jackal bites you but does no damage.
The kobold hits you with a +0 short sword.
* * * LOW HITPOINT WARNING * * *
The kobold hits you with a +0 whip.
* * * LOW HITPOINT WARNING * * *
The jackal barely misses you.
It was a potion of brilliance.
You feel clever all of a sudden.
The kobold hits you with a +0 short sword.
You die...

# #.. # #.# . ..# #. .. .# #.#
#.... #.# ##.. #.###.... #.#
#.... ###.###J......# #.#
###.#.........KhK..##. #.#
#....... #@#####.###.##
#......### ####.#..........#
#.#......# #...............#####
#.#.)....###.##.#.##............
#..........#.##.#.##.......#####
#.#......#.#.##.#.##.......# #
#.#......#.#.##............# #
#.#.............#.##.......#####
#.##.#...#.#.##.# #.......†....


You could see an ooze, a jackal and 2 kobolds.

Vanquished Creatures
  A dart slug (D:1)
  A bat (D:1)
  A goblin (D:1)
  A hobgoblin (D:1)
  A ball python (D:1)
  A kobold (D:1)
  A rat (D:1)
7 creatures vanquished.

Notes
Turn   | Place    | Note
-------+----------+-------------------------------------------
     0 | D:1      | tom967 the Demigod Conjurer began the quest for the Orb.
     0 | D:1      | Reached XP level 1. HP: 14/14 MP: 5/5
   624 | D:1      | Slain by a kobold

Illustrated notes

Levels and vault maps discovered:
D:1:      saegor_arrival_simple_e, layout_loops_ring

Skill      XL: |  1 |
---------------+----+-----
Spellcasting   | 2 |  2.0
Dodging        | |  1.7
Stealth        | |  1.7
Conjurations   | |  3.9

Action                   || total
-------------------------++-------
Melee: Unarmed           ||     8
 Cast: Magic Dart        ||    16
  Use: Potion            ||     1
Armor: Robe              ||     3
Dodge: Dodged            ||     8

Table legend: (Time is in decaauts)
 A = Elapsed time spent in this place.
 B = Non-inter-level travel time spent in this place.
 C = Inter-level travel time spent in this place.
 D = Time resting spent in this place.
 E = Time spent auto-exploring this place.
 F = Levels seen in this place.
 G = Mean time per level.
                   A        B        C        D        E       F      G
               +--------+--------+--------+--------+--------+-----+--------+
         Total |    624 |    489 |    135 |    245 |    172 |   1 |  624.0 |
       Dungeon |    624 |    489 |    135 |    245 |    172 |   1 |  624.0 |
               +--------+--------+--------+--------+--------+-----+--------+

Top non-repeatable levels by time:
     D:1: 624 daAuts
